 Dungeon Crawl Stone Soup version 0.27-a0-34-gc18c9092ac (webtiles) character file.

Game seed: 15201926476048987091

2820 Goblin1989 the Covert (level 9, -1/51 HPs)
             Began as a Vine Stalker Brigand on Jan 5, 2021.
             Was a Believer of Uskayaw.
             Slain by a large slime creature (17 damage)
             ... on level 7 of the Dungeon.
             The game lasted 00:20:22 (6609 turns).

Goblin1989 the Covert (Vine Stalker Brigand)        Turns: 6609, Time: 00:20:23

Health: -1/51      AC: 12    Str: 15    XL:     9   Next: 73%
Magic:  0/10       EV: 15    Int: 11    God:    Uskayaw [**....]
Gold:   108        SH: 11    Dex: 20    Spells: 8/8 levels left

rFire    . . .     SeeInvis .   a - +2 dagger
rCold    + . .     Faith    .   k - +0 buckler
rNeg     + . .     Spirit   +   E - +1 robe of the Flute {+Blink rN+ Str+2 Stlth+}
rPois    .         Reflect  +   X - +2 helmet
rElec    .         Harm     .   C - +0 cloak
rCorr    .         Rampage  .   w - +0 pair of gloves
Will     +....                  (no boots)
Stlth    +++++.....             J - amulet of reflection
HPRegen  0.57/turn              N - +4 ring of protection
MPRegen  0.12/turn              c - ring of protection from cold

@: no status effects
A: fangs 3, blink, mutation resistance 1, regeneration 1, robust 1, magic
shield, antimagic bite, no potion heal 3
a: Blink, Renounce Religion, Evoke Blink, Stomp, Line Pass


You were on level 7 of the Dungeon.
You worshipped Uskayaw.
Uskayaw was noncommittal.
You visited 2 branches of the dungeon, and saw 8 of its levels.

You collected 438 gold pieces.
You spent 330 gold pieces at shops.

Inventory:

Hand Weapons
 a - a +2 dagger (weapon)
 Z - the +10 glaive "Plog" {drain, Dex+4, unknown}
   (You found it on level 7 of the Dungeon)

   A truly terrible weapon, it drains the life of those it strikes.
   It affects your dexterity (+4).
Missiles
 d - 102 poisoned darts (quivered)
 Y - 6 curare-tipped darts
Armour
 k - a +0 buckler (worn)
 w - a +0 pair of gloves (worn)
 C - a +0 cloak (worn)
 E - the +1 robe of the Flute (worn) {+Blink rN+ Str+2 Stlth+}
   (You found it on level 5 of the Dungeon)

   It affects your strength (+2).
   It protects you from negative energy.
   It lets you blink.
   It makes you more stealthy.
 L - a +2 robe of positive energy
 X - a +2 helmet (worn)
Jewellery
 c - a ring of protection from cold (right hand)
 n - an uncursed ring of positive energy
 u - an uncursed amulet of the acrobat
 J - an amulet of reflection (around neck)
 N - a +4 ring of protection (left hand)
 W - an uncursed ring of resist corrosion {unknown}
Wands
 e - a wand of disintegration (18)
 z - a wand of acid (15) {@v2}
 D - a wand of flame (12) {@v6}
 U - a wand of iceblast (11) {@v4}
 V - a wand of paralysis (18) {@v7}
Scrolls
 l - a scroll of amnesia
 o - a scroll of enchant weapon
 v - 4 scrolls of fear
 x - 3 scrolls of remove curse {@r3}
 y - a scroll of enchant armour
 A - a scroll of noise
 B - a scroll of blinking
 I - a scroll of fog
 K - a scroll of immolation
 M - a scroll of summoning
 T - 7 scrolls of teleportation {!r, @r2}
Potions
 m - a potion of brilliance
 F - a potion of mutation {!q}
 G - a potion of invisibility
 H - a potion of lignification


   Skills:
 + Level 5.0 Fighting
 * Level 7.0 Short Blades
 - Level 1.7 Throwing
 + Level 4.2 Dodging
 + Level 8.3 Stealth
 - Level 4.0 Shields
 + Level 3.3 Evocations


You had 8 spell levels left.
You didn't know any spells.
Your spell library contained the following spells:

 Spells                   Type           Power        Failure   Level
 Animate Skeleton         Necr           0%           34%         1
 Pain                     Necr           0%           34%         1
 Vampiric Draining        Necr           0%           71%         3
 Animate Dead             Necr           0%           98%         4
 Agony                    Necr           0%           100%        5


Dungeon Overview and Level Annotations

Branches:
Dungeon (7/15)             Temple (1/1) D:7

Altars:
Ashenzari
Cheibriados
Dithmenos
Elyvilon
Fedhas
Gozag
Hepliaklqana
Kikubaaqudgha
Makhleb
Nemelex Xobeh
Okawaru
Qazlal
Ru
Sif Muna
Uskayaw
Vehumet
Wu Jian
Xom
Yredelemnul
Zin

Shops:
D:5 }   D:6 *


Innate Abilities, Weirdness & Mutations

You have razor-sharp teeth.
Your natural rate of healing is unusually fast.
When hurt, damage is shared between your health and your magic reserves.
Your bite disrupts and absorbs the magic of your enemies.
Potions cannot restore your health.
You can translocate small distances at will.
You are somewhat resistant to further mutation.
You are robust. (+10% HP)


Message History

There is an open door here.
The slime creature quivers.
You hit the slime creature but do no damage.
You bite the slime creature. You drain its power.
The slime creature is lightly wounded.
The slime creature hits you but does no damage.
The jelly jiggles.
The jelly hits the fungus.
The fungus begins to die.
The fungus is splashed with acid!
The acid corrodes the fungus!
You hit the slime creature.
You bite the slime creature, but do no damage.
The slime creature is lightly wounded.
The jelly hits the fungus.
The fungus is splashed with acid.
The fungus seems to be corroded for longer.
The slime creature hits you!
You take 7 damage, and have 44/51 hp.
You now have 9/10 mp.
You hit the slime creature.
The slime creature is lightly wounded.
You hit the slime creature. You bite the slime creature. You drain its power.
You feel invigorated.
The slime creature is moderately wounded.
You block the slime creature's attack.
The ooze jiggles.
The ooze hits the fungus.
The fungus begins to die.
MP restored: 10 You hit the slime creature.
You bite the slime creature. You drain its power.
The slime creature is moderately wounded.
A nearby fungus withers and dies.
The slime creature hits you but does no damage.
Two slime creatures merge to form a large slime creature.
You hit the large slime creature. You bite the large slime creature.
You drain its power.
The large slime creature is moderately wounded.
Uskayaw will force your foes to helplessly watch your dance.
Uskayaw prepares the audience for your solo!
The helpless large slime creature fails to defend itself.
You skewer the large slime creature like a kebab!!!
The large slime creature is severely wounded.
The large slime creature is no longer paralysed.
The slime creature is no longer paralysed.
The slime creature hits you but does no damage.
You hit the large slime creature. You bite the large slime creature.
You drain its power.
The large slime creature is severely wounded.
You block the slime creature's attack.
You hit the large slime creature.
The large slime creature is severely wounded.
The jelly is no longer paralysed. x2; The ooze is no longer paralysed.
A nearby fungus withers and dies.
The jelly is no longer paralysed.
The ooze is no longer paralysed. x2; The jelly hits the fungus.
The fungus is splashed with acid!
The ooze hits the fungus.
Uskayaw will force your foes to share their pain.
Uskayaw links your audience in an emotional bond!
You hit the large slime creature. You bite the large slime creature!
You drain its power.
The large slime creature is almost dead.
A nearby fungus withers and dies.
The slime creature closely misses you. The large slime creature hits you!!
You take 23 damage, and have 24/51 hp.
MASSIVE DAMAGE!!
You now have 6/10 mp.
You are too injured to fight recklessly!
Unknown command.
You are too injured to fight recklessly!
You are too injured to fight recklessly!
The slime creature is no longer sharing its pain.
The jelly is no longer sharing its pain.
A slime creature suddenly becomes a large slime creature.
Things that are here:
a +0 short sword; a big kobold corpse You start resting.
You can no longer pass through a line of other dancers.
A large slime creature is nearby!
You regained 2 hp, and now have 30/51 hp.
You catch the helpless large slime creature completely off-guard!
You impale the large slime creature!! You bite the large slime creature.
You drain its power.
You feel invigorated.
The large slime creature is severely wounded.
You can now pass through a line of other dancers.
MP restored: 10 You hit the large slime creature.
The large slime creature is severely wounded.
The large slime creature completely misses you.
You hit the large slime creature.
Your bite misses the large slime creature.
The large slime creature is severely wounded.
The large slime creature hits you!
* * * LOW HITPOINT WARNING * * *
You take 13 damage, and have 18/51 hp.
MASSIVE DAMAGE!!
You now have 7/10 mp.
You hit the large slime creature.
You bite the large slime creature, but do no damage.
The large slime creature is severely wounded.
You hit the large slime creature.
The large slime creature is severely wounded.
The large slime creature hits you.
* * * LOW HITPOINT WARNING * * *
You take 3 damage, and have 16/51 hp.
You now have 6/10 mp.
You hit the large slime creature. You bite the large slime creature!
You drain its power.
You feel invigorated.
The large slime creature is almost dead.
The large slime creature hits you!!
You die...

........█ ██.██ ██∆∆∆███....███..
........█ █...█ ██..(████........
........███.█.███..)()███.......)
███[..........██(....).██........
█.......█.█.██.......██........
█)....█...█.██.......██...<(...
█.██████....██....)..██........
█)█ █.█.██████....██████.... █)█
██.█████@.∆....█ ██... █.█ █..█


█J████████ █████... █.█ ██.██████..J.J.██ █......< █.██ █.....█ ███████J█
█....██. █..█ █.█...█ .....JJJ.██.███.█8 ██.███.█...█ .....J...████...8.
█..>█.█[..█ .P....÷J.██..(██8. ███.█.█...█ .P.....P.██.....8. ███.█.█████
.÷..÷P...█████..█8 You could see a large slime creature.

Vanquished Creatures
  Sigmund (D:6)
  A water moccasin (D:7)
  2 orc warriors
  2 sky beasts
  2 ice beasts
  2 phantoms (D:5)
  2 ogres
  4 necrophages (D:7)
  A centaur (D:6)
  2 big kobolds (D:7)
  2 bullfrogs
  A wyvern zombie (D:7)
  A scorpion (D:6)
  4 wights (D:7)
  A crimson imp (D:7)
  3 hounds
  2 orc priests
  An iguana (D:4)
  7 orc wizards
  2 worker ants (D:5)
  A hound zombie (D:7)
  A worker ant zombie (D:6)
  A gnoll (D:1)
  4 adders
  3 shadow imps
  A white imp (D:6)
  2 ufetubi (D:5)
  2 oozes
  An adder zombie (D:5)
  A worm (D:3)
  4 dart slugs
  5 leopard geckos
  28 orcs
  2 ball pythons
  5 giant cockroaches
  3 goblins
  5 hobgoblins
  4 jackals (D:3)
  3 quokkas
  5 bats (D:2)
  8 frilled lizards
  14 kobolds
  8 rats
154 creatures vanquished.

Vanquished Creatures (others)
  2 kobolds (D:7)
  2 bushes (D:7)
  3 fungi (D:7)
  12 plants (D:7)
  8 toadstools (D:7)
27 creatures vanquished.

Grand Total: 181 creatures vanquished

Notes
Turn   | Place    | Note
-------+----------+-------------------------------------------
     0 | D:1      | Goblin1989 the Vine Stalker Brigand began the quest for the
                  | Orb.
     0 | D:1      | Reached XP level 1. HP: 11/11 MP: 2/2
   376 | D:1      | Reached skill level 1 in Dodging
   376 | D:1      | Reached skill level 5 in Stealth
   376 | D:1      | Reached XP level 2. HP: 5/15 MP: 3/3
   993 | D:1      | Reached XP level 3. HP: 17/18 MP: 2/4
  1231 | D:2      | Found a stormy altar of Qazlal.
  1273 | D:2      | Found a white marble altar of Elyvilon.
  1744 | D:2      | Gained mutation: Your natural rate of healing is unusually
                  | fast. [Vine Stalker growth]
  1744 | D:2      | Reached XP level 4. HP: 23/23 MP: 5/5
  1992 | D:3      | Found a shadowy altar of Dithmenos.
  2128 | D:3      | Reached skill level 1 in Shields
  2128 | D:3      | Reached XP level 5. HP: 11/27 MP: 3/6
  3067 | D:4      | Gained mutation: You can translocate small distances at
                  | will. [potion of mutation]
  3067 | D:4      | Gained mutation: You are somewhat resistant to further
                  | mutation. [potion of mutation]
  3067 | D:4      | Gained mutation: You are robust. (+10% HP) [potion of
                  | mutation]
  3086 | D:4      | Reached XP level 6. HP: 35/35 MP: 7/7
  3246 | D:4      | Noticed an orc warrior
  3303 | D:4      | Killed an orc warrior
  3304 | D:4      | Reached skill level 6 in Stealth
  3476 | D:4      | Found a blossoming altar of Fedhas.
  3663 | D:4      | Reached XP level 7. HP: 39/39 MP: 8/8
  3753 | D:5      | Entered Level 5 of the Dungeon
  3854 | D:5      | Found Sogranirgh's Gadget Emporium.
  3857 | D:5      | Bought a wand of flame (12) for 98 gold pieces
  3944 | D:5      | Got a faintly humming robe
  3955 | D:5      | Identified the +1 robe of the Flute {+Blink rN+ Str+2
                  | Stlth+} (You found it on level 5 of the Dungeon)
  4056 | D:5      | Found an iron altar of Okawaru.
  4296 | D:5      | Reached skill level 5 in Short Blades
  4296 | D:5      | Reached skill level 1 in Evocations
  4296 | D:5      | Gained mutation: You have razor-sharp teeth. [Vine Stalker
                  | growth]
  4296 | D:5      | Reached XP level 8. HP: 46/46 MP: 9/9
  4904 | D:6      | Reached skill level 7 in Stealth
  4966 | D:6      | Noticed Sigmund
  4979 | D:6      | Killed Sigmund
  5122 | D:6      | Found Usegymi's General Store.
  5128 | D:6      | Bought a scroll of identify for 30 gold pieces
  5128 | D:6      | Bought a scroll of summoning for 142 gold pieces
  5128 | D:6      | Bought a scroll of identify for 30 gold pieces
  5128 | D:6      | Bought a scroll of identify for 30 gold pieces
  5628 | D:7      | Found a hide-covered altar of Uskayaw.
  5628 | D:7      | Found a staircase to the Ecumenical Temple.
  5635 | Temple   | Entered the Ecumenical Temple
  5740 | D:7      | Found an ancient bone altar of Kikubaaqudgha.
  5746 | D:7      | Became a worshipper of Uskayaw the Reveller
  5765 | D:7      | Reached * piety under Uskayaw
  5770 | D:7      | Found a burning altar of Makhleb.
  5774 | D:7      | Reached ** piety under Uskayaw
  5810 | D:6      | Reached *** piety under Uskayaw
  5998 | D:7      | Reached XP level 9. HP: 46/49 MP: 8/10
  6008 | D:7      | Reached **** piety under Uskayaw
  6434 | D:7      | Reached skill level 8 in Stealth
  6447 | D:7      | Found a blossoming altar of Fedhas.
  6478 | D:7      | Reached ***** piety under Uskayaw
  6484 | D:7      | Got an encrusted glaive
  6576 | D:7      | Reached skill level 5 in Fighting
  6609 | D:7      | Slain by a large slime creature

Illustrated notes

Levels and vault maps discovered:
D:1:      dpeg_arrival_rooms_a, layout_basic, minivault_27,
          minmay_misc_feat_ornament
D:2:      layout_loops_cross, grunt_qazlal_clouds,
          hangedman_decor_clover_reticule, elyvilon_altar_3
D:3:      layout_loops_ring, grunt_dithmenos_smoke_and_mirrors,
          small_statue_intersection
D:4:      layout_cave_pods, nicolae_overflow_crystal_walls
D:5:      layout_loops_cross, okawaru_ov_weapons_minmay, serial_shops,
          kennysheep_mini
D:6:      layout_layer_cave, serial_shops, shop, grunt_ministairs_5,
          uniq_sigmund
D:7:      cheibrodos_fertilizer, layout_rooms,
          chequers_temple_overflow_statue_of_worship, makhleb_grotto_becter,
          minmay_temple_entry_statues, fedhas_altar_decomposition
Temple:   cyrus_circular_temple

Skill      XL: |  1  2  3  4  5  6  7  8  9 |
---------------+----------------------------+-----
Short Blades   | 2 3 4 5 6 7 |  7.0
Fighting       | 2 3 4 5 |  5.0
Dodging        | 1 2 3 4 |  4.2
Stealth        | 5 6 7 8 |  8.3
Shields        | 1 2 3 4 |  4.0
Evocations     | 1 2 3 |  3.3
Throwing       | |  1.7

Action                   |  1- 3 |  4- 6 |  7- 9 || total
-------------------------+-------+-------+-------++-------
Melee: Dagger            |    79 |   190 |   316 ||   585
       Bite              |    14 |    59 |   113 ||   186
Throw: Dart              |    34 |    25 |       ||    59
 Abil: Blink             |       |       |     5 ||     5
Evoke: Wand              |       |       |     1 ||     1
  Use: Potion            |       |     6 |     1 ||     7
       Scroll            |       |       |    13 ||    13
 Stab: Sleeping          |    11 |     7 |    22 ||    40
       Distracted        |       |       |     4 ||     4
       Paralysed         |       |       |     8 ||     8
Armor: Robe              |    10 |    27 |    36 ||    73
Dodge: Dodged            |    45 |    75 |   120 ||   240
Block: Buckler           |    10 |    34 |    76 ||   120
       Reflection        |       |       |     5 ||     5

Table legend: (Time is in decaauts)
 A = Elapsed time spent in this place.
 B = Non-inter-level travel time spent in this place.
 C = Inter-level travel time spent in this place.
 D = Time resting spent in this place.
 E = Time spent auto-exploring this place.
 F = Levels seen in this place.
 G = Mean time per level.
                   A        B        C        D        E       F      G
               +--------+--------+--------+--------+--------+-----+--------+
         Total |   6476 |   6256 |    220 |    191 |   4702 |   8 |  809.5 |
       Dungeon |   6416 |   6204 |    212 |    191 |   4652 |   7 |  916.6 |
        Temple |     59 |     51 |      8 |      0 |     50 |   1 |   59.0 |
               +--------+--------+--------+--------+--------+-----+--------+

Top non-repeatable levels by time:
     D:6: 1342 daAuts
     D:1: 1155 daAuts
     D:4: 942 daAuts
     D:2: 809 daAuts
     D:3: 790 daAuts
     D:7: 694 daAuts
     D:5: 682 daAuts
  Temple: 59 daAuts
